 Dungeon Crawl Stone Soup version 0.28-a0-1182-g381e24db82 (webtiles) character file.

Game seed: 3007188218997455357

163 RepHenryClay the Conjurer (level 5, 0/28 HPs)
             Began as a Deep Elf Conjurer on Dec 16, 2021.
             Slain by Duvessa (9 damage)
             ... on level 4 of the Dungeon.
             The game lasted 00:04:16 (3408 turns).

RepHenryClay the Conjurer (Deep Elf Conjurer)       Turns: 3408, Time: 00:04:16

Health: 0/28       AC:  5    Str: 10    XL:     5   Next: 20%
Magic:  12/12      EV: 12    Int: 29    God:
Gold:   159        SH:  0    Dex: 15    Spells: 3/10 levels left

rFire   + . .      SeeInvis .   (no weapon)
rCold   . . .      Faith    .   (no shield)
rNeg    . . .      Spirit   .   e - +2 leather armour {rF+}
rPois   .          Reflect  .   (no helmet)
rElec   .          Harm     .   (no cloak)
rCorr   .          Rampage  .   (no gloves)
Will    .....                   (no boots)
Stlth   ++........              (no amulet)
HPRegen 0.09/turn               d - +6 ring of intelligence
MPRegen 0.13/turn               l - +6 ring of strength

@: no status effects
A: no striking features
a: no special abilities


You were on level 4 of the Dungeon.
You visited 1 branch of the dungeon, and saw 4 of its levels.

You collected 179 gold pieces.
You spent 20 gold pieces at shops.

Inventory:

Armour
 a - a +0 robe
 e - a +2 leather armour of fire resistance (worn)
 h - a +0 pair of gloves
Jewellery
 d - a +6 ring of intelligence (left hand)
 l - a +6 ring of strength (right hand)
Scrolls
 b - a scroll of teleportation {unknown}
 g - 2 scrolls of enchant armour {unknown}
 m - a scroll of magic mapping {unknown}
Potions
 c - a potion of resistance
 f - 3 potions of curing
 i - a potion of heal wounds
 j - a potion of berserk rage {unknown}
 k - a potion of magic {unknown}
 o - a potion of degeneration {unknown}


   Skills:
 * Level 3.1 Dodging
 - Level 2.7 Stealth
 + Level 3.4 Spellcasting
 + Level 6.6 Conjurations


You had 3 spell levels left.
You knew the following spells:

 Your Spells              Type           Power      Damage    Failure   Level
a - Magic Dart            Conj           100%       1d8       1%          1
b - Searing Ray           Conj           86%        2d7       1%          2
c - Iskenderun's Mystic   Conj/Tloc      24%        2d7       26%         4

Your spell library contained the following spells:

 Spells                   Type           Power      Damage    Failure   Level
 Foxfire                  Conj/Fire      96%        2x1d8     2%          1
 Conjure Flame            Conj/Fire      24%        6-21      8%          3
 Dazzling Flash           Conj/Hex       48%        N/A       8%          3
 Slow                     Hex            20%        N/A       10%         1
 Confusing Touch          Hex            5%         N/A       30%         3
 Inner Flame              Hex/Fire       5%         N/A       30%         3
 Flame Wave               Conj/Fire      24%        2d6       26%         4
 Fulminant Prism          Conj/Hex       12%        3d9       26%         4
 Yara's Violent Unravell  Hex/Tmut       2%         3d3       95%         5


Dungeon Overview and Level Annotations

Branches:
Dungeon (4/15)
 Temple: D:4-7

Altars:
Ru

Shops:
D:3 !*

Annotations:
D:4 2 runed translucent doors, 3 exclusions, Dowan; Duvessa; Encipher's ghost, novice OpTm; Menkaure


Message History

Confirm with . or Enter, or press ? or * to list all spells.
Aiming: Searing Ray (safe; 1% risk of failure)
Press: ? - help, Shift-Dir - straight line, f - jackal
Aim: a jackal (77% to hit)
The searing ray hits the jackal.
You kill the jackal!
The searing ray hits the jackal!
You kill the jackal!
The searing ray hits the jackal!
You kill the jackal!
The searing ray hits the jackal!
You kill the jackal! (Press . to maintain the ray.) Dowan, Brother of Duvessa comes into view.
He is wielding a +0 dagger.
Duvessa, Sister of Dowan comes into view.
She is wielding a +0 short sword and carrying a wand of digging (6).
Duvessa shouts!
Encipher's ghost turns its malevolent gaze towards you.
Dowan points at Duvessa and mumbles some strange words.
Duvessa seems to speed up.
Dowan says, "Stay away from my face!"
Duvessa says, "When magic and the sword combine, nothing stands against them."
Duvessa misses you. Duvessa closely misses you. Duvessa barely misses you.
Duvessa hits you with a +0 short sword.
Damage: -17%(-5hp) hp: 83%(23hp) Duvessa barely misses you.
Dowan says, "Magic and the sword, together, will defeat you."
Duvessa hits you with a +0 short sword.
Damage: -7%(-2hp) hp: 79%(22hp) Duvessa says, "Where magic fails, the sword succeeds!"
Duvessa hits you with a +0 short sword.
Damage: -11%(-3hp) hp: 68%(19hp) Duvessa hits you with a +0 short sword!
* * * LOW HITPOINT WARNING * * *
Huge Dmg: -35%(-10hp) hp: 33%(9hp)
Okay, then.
Duvessa barely misses you. Duvessa hits you with a +0 short sword!
You die...

### #.# #....#.###### #.#.#
..########.#####.#.##.##### #.#.#
...............#.#........# #.#.#
..........####.#.#..#.###.####.#.##
##........# #.#.#..#.#.#.#....#...
#........# #.#.###.<#.#.#.#######
##........####.#......#...#.#
.................>##....###.#
..........#.##.##@#.........#
##........#.##.##e#.###############
#........#.##.....................
#........#.#####.#.###############
#........#.#####.#.....#
##...............#####.#
#..............)')....#
#(..............#######
#...............#


You could see Duvessa (fast).

Vanquished Creatures
  Jessica (D:2)
  A hound skeleton (D:4)
  4 adders
  An ufetubus (D:4)
  2 adder skeletons (D:4)
  A worm (D:4)
  2 dart slugs (D:3)
  4 bats
  7 endoplasms
  4 giant cockroaches
  7 hobgoblins
  4 jackals (D:4)
  4 kobolds
  5 quokkas
  9 ball pythons
  2 frilled lizards (D:2)
  7 goblins
  2 rats
67 creatures vanquished.

Notes
Turn   | Place    | Note
-------+----------+-------------------------------------------
     0 | D:1      | RepHenryClay the Deep Elf Conjurer began the quest for the
                  | Orb.
     0 | D:1      | Reached XP level 1. HP: 10/10 MP: 6/6
   485 | D:1      | Reached XP level 2. HP: 15/15 MP: 5/8
   885 | D:1      | Found a faded altar of an unknown god.
  1175 | D:2      | Reached skill level 5 in Conjurations
  1324 | D:2      | Reached XP level 3. HP: 19/19 MP: 7/9
  1630 | D:2      | Noticed Jessica
  1641 | D:2      | Killed Jessica
  1642 | D:2      | Reached XP level 4. HP: 24/24 MP: 6/10
  1645 | D:2      | Learned a level 2 spell: Searing Ray
  1650 | D:2      | Learned a level 4 spell: Iskenderun's Mystic Blast
  1829 | D:2      | Reached skill level 6 in Conjurations
  2088 | D:3      | Found Recakasm's General Store.
  2164 | D:3      | Bought a scroll of identify for 20 gold pieces
  2476 | D:3      | Found Nonumesy's Distillery.
  2494 | D:3      | Found a sacrificial altar of Ru.
  3050 | D:4      | Reached XP level 5. HP: 28/28 MP: 7/11
  3144 | D:4      | Noticed a black bear
  3188 | D:4      | Noticed Menkaure
  3290 | D:4      | Found a large runed translucent door.
  3290 | D:4      | Found a large runed translucent door.
  3295 | D:4      | Noticed Encipher's ghost (novice OpTm)
  3362 | D:4      | Noticed Dowan
  3377 | D:4      | Noticed Duvessa
  3408 | D:4      | Slain by Duvessa

Illustrated notes

Levels and vault maps discovered:
D:1:      tarquinn_simple_flora_water_f, layout_basic,
          dilly_ecumenical_altar_fadedgnrine
D:2:      layout_loops_ring, uniq_jessica
D:3:      layout_rooms, overflow_temple_1_default, serial_shops, shop, shop
D:4:      layout_basic, ebering_ghost_disaster_area, uniq_duvessa, uniq_menkaure

Skill      XL: |  1  2  3  4  5 |
---------------+----------------+-----
Conjurations   | 5 6 |  6.6
Dodging        | 3 |  3.1
Stealth        | |  2.7
Spellcasting   | |  3.4

Action                   |  1- 3 |  4- 6 || total
-------------------------+-------+-------++-------
Melee: Unarmed           |     3 |       ||     3
 Cast: Magic Dart        |    64 |    52 ||   116
       Searing Ray       |       |     4 ||     4
  Use: Scroll            |       |     3 ||     3
Armor: Robe              |     6 |       ||     6
       Leather armour    |       |     2 ||     2
Dodge: Dodged            |     4 |    11 ||    15

Table legend: (Time is in decaauts)
 A = Elapsed time spent in this place.
 B = Non-inter-level travel time spent in this place.
 C = Inter-level travel time spent in this place.
 D = Time resting spent in this place.
 E = Time spent auto-exploring this place.
 F = Levels seen in this place.
 G = Mean time per level.
                   A        B        C        D        E       F      G
               +--------+--------+--------+--------+--------+-----+--------+
         Total |   3406 |   3303 |    103 |    163 |   2754 |   4 |  851.5 |
       Dungeon |   3406 |   3303 |    103 |    163 |   2754 |   4 |  851.5 |
               +--------+--------+--------+--------+--------+-----+--------+

Top non-repeatable levels by time:
     D:1: 1114 daAuts
     D:2: 940 daAuts
     D:4: 736 daAuts
     D:3: 614 daAuts
